Map: Dusk Towers

Players

MorN

  • Race: Terran Terran
  • League: Master

Apocalypse - Winner!

  • Race: Protoss Protoss
  • League: Master

VOD

Have the link to the VOD?

Description

Time

  • Played on: Dec. 2, 2015, 10:26 p.m.
  • Length: 9:58
Show
View Real Time Build Order
Export as new Build Order

MorN Terran 

Build Orders: MMM Bio 

Get SALT Encoding   

  12  0:00  SCV  
  13  0:13  SCV  
  14  0:17  Supply Depot  
  14  0:25  SCV  
  15  0:38  SCV  
  15  0:40  Barracks  
  16  0:47  Refinery  
  16  0:51  SCV  
  17  1:03  SCV  
  18  1:15  SCV  
  19  1:28  Orbital Command  
  19  1:29  Marine  
  20  1:43  Command Center  
  20  1:53  Factory  
  20  1:56  SCV  
  21  2:01  Marine  
  22  2:09  Supply Depot  
  22  2:13  SCV  
  23  2:30  SCV, Marine  
  25  2:38  Factory Tech Lab, Barracks  
  25  2:45  SCV  
  25  2:50  Marine  
  27  2:55  Orbital Command  
  27  3:00  Cyclone  
  27  3:01  SCV  
  31  3:08  Marine  
  32  3:15  Refinery  
  32  3:16  SCV  
  33  3:25  SCV  
  34  3:31  Barracks  
  34  3:38  Factory Reactor  
  34  3:40  SCV  
  35  3:43  SCV  
  36  3:49  Stimpack, Marine x2  
  36  3:52  SCV  
  36  3:55  SCV  
  40  3:57  Supply Depot  
  40  4:04  SCV  
  40  4:07  SCV  
  42  4:13  Supply Depot  
  42  4:14  Barracks Tech Lab  
  42  4:16  SCV  
  43  4:18  Command Center, Refinery  
  43  4:19  SCV  
  44  4:27  Marauder  
  44  4:28  SCV  
  47  4:31  SCV  
  47  4:32  Starport  
  47  4:33  Factory Reactor  
  48  4:39  Marine x2, Marauder  
  48  4:41  SCV  
  48  4:43  SCV  
  54  4:49  Marauder  
  56  4:53  SCV  
  56  4:54  Refinery  
  56  4:55  SCV, Engineering Bay  
  58  5:00  Marauder  
  58  5:02  Marine x2  
  62  5:10  Supply Depot  
  62  5:17  Factory Reactor  
  62  5:25  SCV  
  62  5:26  SCV  
  61  5:32  Orbital Command  
  61  5:33  Marauder, Medivac x2, Marine x2  
  65  5:37  SCV, Marine  
  65  5:38  SCV  
  68  5:48  Missile Turret  
  69  5:50  SCV x2, Marine  
  69  5:51  Marine  
  72  6:01  Widow Mine, Marauder x2  
  72  6:02  SCV x2  
  80  6:05  Terran Infantry Weapons Level 1  
  80  6:08  Combat Shields, Marine  
  80  6:11  Concussive Shells  
  76  6:29  Marine x2  
  76  6:30  Marauder  
  76  6:32  Marine  
  76  6:47  Marine x2  
  76  6:50  Marauder  
  76  6:51  Marine  
  76  6:52  Orbital Command  
  79  7:04  Supply Depot  
  79  7:05  Marine x2  
  81  7:09  Marauder  
  81  7:11  Marauder  
  85  7:24  Marine  
  85  7:26  SCV, Marine  
  86  7:30  Marauder  
  86  7:32  Marine  
  89  7:42  Marine  
  89  7:43  Marine  
  85  7:51  SCV x2, Marauder  
  85  7:52  Barracks x2, Marauder  
  85  7:53  Widow Mine  
  85  7:54  Medivac, Widow Mine  
  93  7:59  Supply Depot  
  93  8:07  Supply Depot  
  93  8:14  Marine  
  93  8:15  SCV, Marine  
  93  8:16  SCV x2  
  93  8:17  Marine  
  93  8:18  Marine  
  93  8:44  SCV x2, Marauder, Medivac x2  
  93  8:45  SCV  
  93  8:46  Marauder  
  104  8:50  Barracks Reactor, Barracks Tech Lab  
  104  8:56  SCV x2  
  104  8:58  SCV  
  104  8:59  Engineering Bay  
  107  9:04  Armory  
  107  9:06  Marauder, Refinery, Widow Mine x2, Marine x2  
  107  9:07  Refinery, Marauder  
  117  9:14  SCV x2  
  117  9:33  Supply Depot  
  117  9:35  Supply Depot  
  117  9:37  Supply Depot  
  117  9:42  Supply Depot, SCV x2  
  117  9:45  SCV  
Show
View Real Time Build Order
Export as new Build Order

Apocalypse Protoss - Winner!

Build Orders: 1 Gate Expand 

Get SALT Encoding   

  12  0:01  Probe (Chrono Boost)  
  13  0:11  Probe (Chrono Boost)  
  14  0:17  Pylon  
  14  0:22  Probe (Chrono Boost)  
  16  0:35  Probe (Chrono Boost)  
  16  0:36  Gateway  
  16  0:41  Assimilator  
  16  0:46  Probe (Chrono Boost)  
  17  0:56  Probe (Chrono Boost)  
  18  1:07  Probe (Chrono Boost)  
  19  1:17  Probe (Chrono Boost)  
  20  1:25  Nexus  
  20  1:28  Probe (Chrono Boost)  
  21  1:37  Cybernetics Core  
  21  1:40  Probe (Chrono Boost)  
  22  1:48  Pylon  
  22  1:51  Probe (Chrono Boost)  
  23  1:54  Assimilator  
  23  2:06  Probe (Chrono Boost)  
  24  2:13  Adept, Warp Gate  
  26  2:18  Mothership Core (Chrono Boost)  
  28  2:27  Forge  
  28  2:36  Probe (Chrono Boost)  
  29  2:39  Probe (Chrono Boost)  
  29  2:40  Adept  
  32  2:47  Probe (Chrono Boost)  
  32  2:49  Probe (Chrono Boost)  
  34  2:57  Probe (Chrono Boost)  
  35  2:58  Probe (Chrono Boost)  
  35  2:59  Protoss Ground Armor Level 1 (Chrono Boost)  
  36  3:08  Robotics Facility  
  36  3:09  Probe  
  36  3:10  Probe  
  38  3:14  Adept  
  40  3:21  Probe  
  40  3:22  Assimilator  
  40  3:23  Probe  
  42  3:33  Probe  
  43  3:34  Assimilator  
  43  3:36  Probe, Pylon  
  44  3:41  Adept  
  46  3:53  Probe  
  46  3:54  Probe  
  48  3:57  Twilight Council, Warp Prism  
  50  4:03  Probe  
  50  4:07  Probe  
  52  4:12  Gateway  
  52  4:14  Probe  
  53  4:18  Gateway  
  53  4:19  Probe  
  53  4:23  Pylon  
  53  4:24  Pylon  
  54  4:39  Protoss Ground Armor Level 2 (Chrono Boost)  
  54  4:40  Probe  
  54  4:41  Probe, Observer  
  54  4:42  Sentry  
  59  4:52  Probe, Resonating Glaives (Chrono Boost)  
  60  4:53  Probe  
  60  4:59  Nexus  
  61  5:03  Immortal  
  61  5:04  Probe  
  61  5:05  Probe  
  63  5:10  Sentry  
  69  5:16  Probe  
  70  5:23  Pylon  
  70  5:27  Pylon  
  68  5:28  Probe  
  69  5:39  Immortal  
  69  5:42  Mothership Core  
  75  5:51  Adept, Pylon  
  75  5:52  Adept  
  75  5:53  Sentry, Pylon  
  81  5:59  Probe  
  81  6:03  Probe  
  83  6:11  Probe, Pylon  
  83  6:12  Pylon  
  83  6:15  Probe x2  
  86  6:23  Probe, Blink  
  87  6:26  Probe  
  87  6:27  Stalker x3, Probe, Assimilator  
  87  6:28  Immortal  
  87  6:31  Assimilator  
  95  6:37  Probe x2  
  101  6:50  Probe  
  101  6:51  Probe  
  103  6:55  Stalker x2  
  103  6:56  Stalker  
  103  6:57  Probe  
  110  7:03  Probe x2  
  110  7:05  Photon Cannon  
  112  7:08  Protoss Ground Armor Level 3 (Chrono Boost)  
  112  7:10  Probe  
  112  7:15  Probe x2  
  115  7:17  Gateway  
  115  7:19  Gateway  
  115  7:21  Pylon  
  115  7:31  Adept  
  115  7:32  Adept x2  
  113  7:46  Probe  
  113  7:47  Probe x2  
  113  7:51  Immortal  
  116  7:52  Sentry x2  
  116  7:53  Sentry  
  116  7:58  Nexus  
  126  8:02  Pylon  
  126  8:03  Pylon  
  126  8:04  Pylon  
  126  8:07  Gateway x2  
  126  8:16  Probe x2  
  128  8:24  Adept  
  128  8:25  Adept x2  
  134  8:28  Immortal  
  134  8:33  Templar Archives  
  138  8:38  Stalker x2  
  138  8:40  Probe x2  
  144  8:47  Probe  
  144  8:52  Probe  
  144  8:54  Stalker  
  144  8:55  Stalker x2  
  152  9:03  Immortal  
  152  9:09  Robotics Bay  
  156  9:11  Templar Archives  
  156  9:13  Pylon  
  156  9:15  Pylon  
  156  9:17  Adept x3  
  156  9:19  Adept  
  156  9:20  Adept  
  166  9:27  Forge  
  166  9:31  Photon Cannon x3  
  166  9:35  Probe x2  
  162  9:50  Adept  
  162  9:51  Adept x4  
Tags
 
Composition
MMM Bio
Matchup
PvT
Replay Pack
MorN pack 2
Add a new tag
Caveats
  • Supply blocks, unpowered buildings, or Contaminate may cause inaccurate times.
  • Supply counts are checked every 10 seconds.